 Dungeon Crawl Stone Soup version 0.32-a0-422-g28b100f (webtiles) character file.

Game seed: 14787489066760321795

359 staltz the Ruffian (level 6, 0/63 HPs)
             Began as a Djinni Shapeshifter on Feb 21, 2024.
             Was an Initiate of Ashenzari.
             Slain by a goblin
             ... wielding a +0 dagger
              (3 damage)
             ... on level 4 of the Dungeon.
             The game lasted 00:07:39 (3303 turns).

staltz the Ruffian (Djinni Shapeshifter)            Turns: 3303, Time: 00:07:40

Health: 0/63       AC: 23    Str: 15    XL:     6   Next: 97%
Gold:   195        EV:  2    Int: 12    God:    Ashenzari [......] SH:  0 Dex: 12

rFire   . .          .
                       - Unarmed
rCold   . . .        (no shield)
rNeg    . . .        m - melded +0 leather armour
rPois   ∞            (helmet currently unavailable)
rElec   .            (cloak currently unavailable)
rCorr   .            (gloves currently unavailable)
SInv    .            (boots unavailable)
Will    .....        (no amulet)
Stlth   ++           (no ring)
HPRegen 0.30/turn    (no ring)
MPRegen 0.00/turn

%: infuse magic (-1 HP)
@: tree-form
A: stationary, stasis, torment immunity, boosted hp, sickness immunity, (fire
resistance 2), (cold vulnerability 1), float, innate caster, HP casting, extra
vitality 1
a: Renounce Religion, Curse Item


You were on level 4 of the Dungeon.
You worshipped Ashenzari.
Ashenzari was noncommittal.
You were a tree.
You visited 1 branch of the dungeon, and saw 4 of its levels.
You also visited: Sewer.

You collected 195 gold pieces.

Inventory:

Missiles
 e - a throwing net
 k - 10 poisoned darts (quivered)
 t - 10 stones
Armour
 a - a +0 animal skin
 m - a +0 leather armour (melded)
 r - a +0 cloak
Talismans
 c - a beast talisman (active)
 d - a flux talisman
Scrolls
 f - a scroll of blinking
 g - a scroll of poison {unknown}
 i - a scroll of enchant armour {unknown}
 j - a scroll of teleportation
 n - a scroll of noise {unknown}
 q - 3 scrolls of fog {unknown}
 s - a scroll of identify
Potions
 h - a potion of degeneration {unknown}
 l - a potion of heal wounds {unknown}
 o - a potion of enlightenment {unknown}
 p - a potion of resistance {unknown}


   Skills:
 + Level 1.5 Fighting
 + Level 0.6 Throwing
 + Level 1.1 Armour
 + Level 3.2 Dodging
 + Level 1.2 Stealth
 + Level 5.4 Unarmed Combat
 + Level 3.5 Shapeshifting


You knew the following spells:

 Your Spells              Type           Power      Damage    Failure   Level
a - Freeze                Ice            0%         1d3       32%         1
b - Mercury Vapours       Alch/Air       0%         N/A       45%         2
Your spell library was empty.

Dungeon Overview and Level Annotations

Branches:
Dungeon (4/15)              Sewer (visited)
 Temple: D:4-7

Altars:
Ashenzari
Elyvilon

Annotations:
D:3 1 runed translucent door, ooops's ghost, amateur DsSh


Innate Abilities, Weirdness & Mutations

You are a tree.
Your roots penetrate the ground, keeping you stationary.
You cannot be teleported.
You are immune to unholy pain and torment.
Your maximum health is greatly increased.
Your equipment is partially melded.
You are immune to sickness and miasma.
You are immune to poison.
((Your flesh is very heat resistant. (rF++)))
((You are vulnerable to cold. (rC-)))
You float through the air rather than walking.
You learn spells naturally, not from books.
Your magical power is your life essence.
You have superior vitality. (+4 MHP)


Message History

The scorpion is almost dead.
The goblin hits you but does no damage. The scorpion stings you!
* * * LOW HITPOINT WARNING * * *
Unknown command.
You hit the scorpion but do no damage.
The scorpion is almost dead.
The goblin hits you but does no damage. The scorpion stings you.
* * * LOW HITPOINT WARNING * * *
Unknown command.
Okay, then.
Unknown command.
Okay, then.
Okay, then.
Your transformation has ended.
You turn into a tree.
Your +0 leather armour melds into your body.
Your roots penetrate the ground.
The scorpion stings you but does no damage.
The goblin hits you but does no damage.
Unknown command.
Unknown command.
You hit the scorpion but do no damage.
The scorpion is almost dead.
The scorpion stings you.
* * * LOW HITPOINT WARNING * * *
The goblin barely misses you.
Unknown command.
Unknown command.
You hit the scorpion.
You kill the scorpion!
The goblin hits you but does no damage.
Your Armour skill increases to level 1!
Unknown command.
You hit the goblin.
The goblin is severely wounded.
The goblin hits you but does no damage.
You barely miss the goblin.
The goblin is severely wounded.
The goblin hits you with a +0 dagger.
You die...

.........#
...........#
.........#
#................#
.........##
................#
..........#
#............<..#
..........#
#...............#
..........#
#............g..#
..........##
#...............#
...........#
#...............#
...........#
#.♣g...........#
...........#
#..............#
...........#
#...............
...........#
#...........
........####
##).........
......###
#..........
..###..###
##.....###
...###...##
###..#####
#..#####..####...##


You could see a goblin.

Vanquished Creatures
  Pargi (Sewer)
  A scorpion (D:4)
  A hound (D:4)
  Natasha (D:2)
  2 adders
  3 ribbon worms
  2 ball pythons
  5 endoplasms
  4 giant cockroaches
  6 goblins
  5 hobgoblins
  8 jackals
  5 kobolds
  4 quokkas
  8 bats
  10 frilled lizards
  4 rats
70 creatures vanquished.

Notes
Turn   | Place    | Note
-------+----------+-------------------------------------------
     0 | D:1      | staltz the Djinni Shapeshifter began the quest for the Orb.
     0 | D:1      | Reached XP level 1. HP: 17/17 MP: 0/0
    68 | D:1      | Reached XP level 2. HP: 21/22 MP: 0/0
   373 | D:1      | Reached XP level 3. HP: 25/27 MP: 0/0
   373 | D:1      | Learned a level 1 spell: Freeze
  1183 | D:2      | Reached XP level 4. HP: 28/32 MP: 0/0
  1436 | D:2      | Reached skill level 4 in Unarmed Combat
  1783 | D:2      | Noticed Natasha
  1799 | D:2      | Killed Natasha
  1800 | D:2      | Reached XP level 5. HP: 12/37 MP: 0/0
  1800 | D:2      | Learned a level 2 spell: Mercury Vapours
  2094 | D:3      | Found a runed translucent door.
  2097 | D:3      | Noticed ooops's ghost (amateur DsSh)
  2181 | D:3      | Found a broken altar of Ashenzari.
  2307 | D:3      | Became a worshipper of Ashenzari the Shackled
  2400 | D:3      | Found a faded altar of an unknown god.
  2486 | D:3      | Found a white marble altar of Elyvilon.
  2773 | D:4      | Found a glowing drain.
  2777 | Sewer    | Entered a sewer
  3019 | Sewer    | Noticed Pargi
  3051 | Sewer    | Killed Pargi
  3052 | Sewer    | Reached skill level 1 in Stealth
  3052 | Sewer    | Reached skill level 5 in Unarmed Combat
  3052 | Sewer    | Reached XP level 6. HP: 42/42 MP: 0/0
  3300 | D:4      | HP: 2/63 [scorpion (4)]
  3302 | D:4      | Reached skill level 1 in Armour
  3303 | D:4      | Slain by a goblin

Illustrated notes

Levels and vault maps discovered:
D:1:      minmay_arrival_five_plusses, layout_basic, minmay_lizard_pond
D:2:      layout_loops_ring, uniq_natasha
D:3:      layout_rooms, elyvilon_altar_1, evilmike_ruin_ashenzari,
          ebering_ghost_sewer_d, dreamdust_ecumenical_altar_grove
D:4:      layout_cave_pods, gup_sewer_entry_bowl

Skill      XL: |  1  2  3  4  5  6 |
---------------+-------------------+-----
Shapeshifting  | 3 |  3.5
Unarmed Combat | 4 5 |  5.4
Dodging        | 3 |  3.2
Stealth        | 1 |  1.2
Armour         | 1 |  1.1
Fighting       | |  1.5
Throwing       | |  0.6

Action                     |  1- 3 |  4- 6 || total
---------------------------+-------+-------++-------
  Melee: Unarmed           |    74 |   151 ||   225
         Punch             |     2 |     6 ||     8
  Throw: Stone             |       |     8 ||     8
         Dart              |       |    10 ||    10
    Use: Scroll            |       |     2 ||     2
         Potion            |       |     2 ||     2
   Stab: Sleeping          |     1 |     4 ||     5
 Armour: Animal skin       |    32 |    15 ||    47
         Leather armour    |       |    38 ||    38
         Skin              |       |    20 ||    20
  Dodge: Dodged            |    33 |    81 ||   114

Table legend: (Time is in decaauts)
 A = Elapsed time spent in this place.
 B = Non-inter-level travel time spent in this place.
 C = Inter-level travel time spent in this place.
 D = Time resting spent in this place.
 E = Time spent auto-exploring this place.
 F = Levels seen in this place.
 G = Mean time per level.
                   A        B        C        D        E       F      G
               +--------+--------+--------+--------+--------+-----+--------+
         Total |   3287 |   3229 |     58 |    682 |   1777 |   5 |  657.4 |
       Dungeon |   2907 |   2849 |     58 |    513 |   1689 |   4 |  726.8 |
         Sewer |    379 |    379 |      0 |    169 |     88 |   1 |  379.0 |
               +--------+--------+--------+--------+--------+-----+--------+

Top non-repeatable levels by time:
     D:1: 1128 daAuts
     D:2: 829 daAuts
     D:3: 725 daAuts
   Sewer: 379 daAuts
     D:4: 224 daAuts
